 Dungeon Crawl Stone Soup version 0.29.1-12-g30fa7ad0bf (webtiles) character file.

Game seed: 15682564187615366844

253 Thatpatchoflichen the Chiller (level 6, -6/44 HPs)
             Began as a Human Ice Elementalist on Jan 18, 2023.
             Killed by divine providence
             ... invoked by an orc priest
              (13 damage)
             ... on level 4 of the Dungeon.
             The game lasted 00:14:50 (3448 turns).

Thatpatchoflichen the Chiller (HuIE)                Turns: 3448, Time: 00:14:51

Health: -6/44      AC:  3    Str:  8    XL:     6   Next: 37%
Magic:  7/10       EV: 16    Int: 17    God:
Gold:   103        SH:  0    Dex: 14    Spells: 4/11 levels left

rFire   + . .      SeeInvis .   k - +8 mace "Blob" {freeze, rF+ rN+}
rCold   . . .      Faith    .   (no shield)
rNeg    + . .      Spirit   .   g - +0 leather armour
rPois   .          Reflect  .   (no helmet)
rElec   .          Harm     .   (no cloak)
rCorr   .          Rampage  .   (no gloves)
Will    .....                   (no boots)
Stlth   ++........              (no amulet)
HPRegen 0.14/turn               l - +4 ring of evasion
MPRegen 0.12/turn               (no ring)

@: freezing walls
A: no striking features
a: no special abilities


You were on level 4 of the Dungeon.
You visited 1 branch of the dungeon, and saw 4 of its levels.

You collected 103 gold pieces.

Inventory:

Hand Weapons
 h - a +2 dagger of holy wrath
 k - the +8 mace "Blob" (weapon) {freeze, rF+ rN+}
   (You found it on level 2 of the Dungeon)

   It freezes those it strikes, dealing additional cold damage.
   It can also slow down cold-blooded creatures.
   rF:        It protects you from fire.
   rN:        It protects you from negative energy.
Missiles
 f - 5 poisoned darts
Armour
 a - a +0 robe
 g - a +0 leather armour (worn)
Jewellery
 l - a +4 ring of evasion (left hand)
Scrolls
 c - a scroll of vulnerability {unknown}
 d - 2 scrolls of amnesia {unknown}
 e - 2 scrolls of magic mapping {unknown}
 j - a scroll of summoning
 m - a scroll of teleportation {unknown}
 n - a scroll of blinking {unknown}
 p - 2 scrolls of enchant armour {unknown}
 q - a scroll of identify
Potions
 b - a potion of magic
 o - a potion of brilliance {unknown}


   Skills:
 + Level 2.0 Fighting
 + Level 1.6 Maces & Flails
 + Level 1.8 Armour
 + Level 3.0 Dodging
 - Level 2.3 Stealth
 - Level 3.0 Spellcasting
 + Level 4.7 Ice Magic


You had 4 spell levels left.
You knew the following spells:

 Your Spells              Type           Power      Damage    Failure   Level
a - Freeze                Ice            72%        1d9       3%          1
b - Frozen Ramparts       Ice            36%        1d6       11%         3
c - Ozocubu's Armour      Ice            18%        N/A       11%         3

Your spell library contained the following spells:

 Spells                   Type           Power      Damage    Failure   Level
 Hailstorm                Conj/Ice       10%        3d5       67%         4


Dungeon Overview and Level Annotations

Branches:
Dungeon (4/15)
 Temple: D:4-7

Altars:
Elyvilon
Yredelemnul

Annotations:
D:4 Pikel


Message History

You closely miss the hobgoblin. The hobgoblin closely misses you.
The orc hits you with a +0 mace. The hobgoblin misses you.
You hit the hobgoblin. You freeze the hobgoblin.
You kill the hobgoblin!
The orc closely misses you.
You hit the orc. You freeze the orc.
The orc is almost dead.
The orc priest calls down the wrath of Beogh upon you.
Pain shoots through your body! The orc misses you.
The orc hits you with a +0 mace.
You barely miss the orc.
The orc is almost dead.
The orc hits you with a +0 mace.
You closely miss the orc priest. The orc priest hits you with a +0 club.
The orc closely misses you.
You barely miss the orc priest. The orc priest closely misses you.
The orc hits you with a +0 mace.
* * * LOW HITPOINT WARNING * * *
The orc closely misses you. The orc priest completely misses you.
You hit the orc priest. You freeze the orc priest.
The orc priest is heavily wounded.
The orc priest hits you with a +0 club.
* * * LOW HITPOINT WARNING * * *
The orc closely misses you.
Casting: Ozocubu's Armour (dangerous; 11% risk of failure)
Confirm with . or Enter, or press ? or * to list all spells.
Casting: Frozen Ramparts (dangerous; 11% risk of failure)
Press: ? - help, Dir - look around, f - activate The walls around you are covered in ice.
The wall freezes the orc priest.
The orc priest hits you but does no damage.
The wall freezes the orc.
You kill the orc!
You barely miss the orc priest.
The orc priest is severely wounded.
The wall freezes the orc priest.
The orc priest invokes the aid of Beogh against you.
Beogh smites you!
You die...

#.....+.......'..
#.....#.......#..
.....
#..####.......### ....
#..##.##........# ...
#......#........# .o
#......'........' ###'
#..#####........#
#...##..#....#####....
#...o@..#.... #....
#..))...#.... #....
#########.... #....
##### #####


You could see an orc priest.

Vanquished Creatures
  An ogre (D:3)
  An orc priest (D:3)
  An orc wizard (D:4)
  A scorpion zombie (D:3)
  A hound zombie (D:3)
  A howler monkey zombie (D:3)
  An adder (D:2)
  An adder zombie (D:3)
  2 dart slugs
  2 orcs
  2 endoplasms
  3 giant cockroaches
  3 goblins
  10 hobgoblins
  6 jackals
  4 kobolds
  A quokka (D:1)
  3 ball pythons
  2 bats
  5 frilled lizards (D:1)
  5 rats
56 creatures vanquished.

Vanquished Creatures (others)
  2 plants (D:2)
  5 toadstools (D:1)
7 creatures vanquished.

Grand Total: 63 creatures vanquished

Notes
Turn   | Place    | Note
-------+----------+-------------------------------------------
     0 | D:1      | Thatpatchoflichen the Human Ice Elementalist began the
                  | quest for the Orb.
     0 | D:1      | Reached XP level 1. HP: 13/13 MP: 3/3
   103 | D:2      | Reached XP level 2. HP: 20/20 MP: 1/5
   867 | D:1      | Reached XP level 3. HP: 25/25 MP: 4/6
  1245 | D:2      | Identified the +8 mace "Blob" {freeze, rF+ rN+}
  1249 | D:2      | Found a white marble altar of Elyvilon.
  2063 | D:3      | Found a faded altar of an unknown god.
  2072 | D:3      | Reached XP level 4. HP: 30/31 MP: 7/7
  2263 | D:3      | Reached skill level 1 in Fighting
  2401 | D:3      | Learned a level 3 spell: Frozen Ramparts
  2405 | D:3      | Learned a level 3 spell: Ozocubu's Armour
  2417 | D:3      | Reached skill level 1 in Armour
  2417 | D:3      | Reached XP level 5. HP: 37/37 MP: 9/9
  2492 | D:3      | Found a basalt altar of Yredelemnul.
  2520 | D:3      | Noticed an ogre
  2557 | D:3      | Killed an ogre
  2558 | D:3      | Reached skill level 1 in Maces & Flails
  2558 | D:3      | Reached XP level 6. HP: 11/44 MP: 3/10
  3333 | D:4      | Noticed Pikel
  3448 | D:4      | Killed from afar by an orc priest

Illustrated notes

Levels and vault maps discovered:
D:1:      ldierk_walled_garden, layout_basic, st_stairs_6,
          chequers_serial_rivers_room_a
D:2:      layout_basic, basic_altar, chequers_big_river, st_stairs_2
D:3:      layout_rooms, nicolae_yredelemnul_corpse_copse,
          hellmonk_ecumenical_altar_run_dry, grunt_decor_cap,
          minmay_curled_crystal
D:4:      layout_gridville, uniq_pikel, uniq_blork_the_orc

Skill      XL: |  1  2  3  4  5  6 |
---------------+-------------------+-----
Fighting       | 1 2 |  2.0
Armour         | 1 |  1.8
Maces & Flails | 1 |  1.6
Spellcasting   | 3 |  3.0
Dodging        | 3 |  3.0
Stealth        | |  2.3
Ice Magic      | |  4.7

Action                   |  1- 3 |  4- 6 || total
-------------------------+-------+-------++-------
Melee: Unarmed           |     3 |       ||     3
       Dagger            |     9 |       ||     9
       Mace              |     8 |    60 ||    68
       Punch             |       |     1 ||     1
 Cast: Freeze            |    42 |       ||    42
       Frozen Ramparts   |       |     2 ||     2
       Ozocubu's Armour  |       |     1 ||     1
  Use: Scroll            |       |     2 ||     2
       Potion            |       |     1 ||     1
 Stab: Sleeping          |     1 |     1 ||     2
Armor: Robe              |     6 |       ||     6
       Leather armour    |     4 |    14 ||    18
Dodge: Dodged            |    55 |    55 ||   110
